Map: Frozen Temple

Players

DplaysD - Winner!

  • Race: Terran Terran

Gracz

  • Race: Protoss Protoss

VOD

Have the link to the VOD?

Description

Time

  • Played on: Oct. 19, 2016, 12:29 p.m.
  • Length: 14:08
Show
View Real Time Build Order
Export as new Build Order

DplaysD Terran - Winner!

Build Orders:  

Get SALT Encoding   

  12  0:01  SCV  
  13  0:13  SCV  
  14  0:19  Supply Depot  
  14  0:25  SCV  
  15  0:43  Barracks  
  15  0:45  SCV  
  17  0:57  SCV  
  17  0:59  Refinery  
  17  1:09  SCV  
  18  1:14  Supply Depot  
  18  1:28  SCV  
  19  1:40  SCV  
  21  1:54  SCV  
  21  1:55  Unknown, Command Center  
  21  1:57  Refinery  
  21  1:59  Reaper  
  22  2:15  Orbital Command  
  22  2:30  Factory  
  22  2:39  Barracks Reactor  
  22  2:41  SCV  
  23  2:53  SCV  
  24  2:58  Barracks  
  25  3:05  SCV  
  25  3:07  Unknown  
  25  3:08  SCV  
  26  3:17  SCV  
  27  3:20  SCV  
  28  3:39  SCV x2  
  29  3:41  Marine x2  
  29  3:48  Factory Tech Lab  
  31  3:51  SCV  
  31  3:52  Starport  
  33  4:00  Orbital Command  
  32  4:03  SCV  
  32  4:06  Marine x2  
  35  4:10  Siege Tank  
  35  4:15  SCV  
  39  4:19  Supply Depot  
  39  4:24  Marine x2  
  39  4:28  SCV  
  42  4:33  Barracks Tech Lab  
  42  4:36  Engineering Bay  
  42  4:41  Refinery  
  42  4:42  SCV  
  42  4:43  SCV  
  44  4:46  Marine x2  
  44  4:49  Supply Depot  
  46  4:56  SCV x2  
  46  4:57  Supply Depot  
  46  4:59  Siege Tank  
  51  5:07  Starport Reactor  
  51  5:13  Marine x2  
  53  5:19  Marauder  
  55  5:23  SCV x2  
  57  5:30  Marine  
  57  5:31  Marine, Siege Tank  
  62  5:35  SCV x2  
  62  5:40  Marauder  
  66  5:49  SCV x2  
  68  5:57  Marine x2  
  68  6:01  Supply Depot  
  70  6:11  Supply Depot  
  70  6:19  Supply Depot  
  70  6:22  Medivac x2, Siege Tank, SCV  
  70  6:24  Supply Depot  
  78  6:28  Terran Infantry Weapons Level 1  
  78  6:33  SCV, Marauder  
  81  6:40  Marine x2  
  81  6:45  SCV  
  84  6:52  Medivac x2  
  88  6:54  Siege Tank, Marauder  
  88  6:58  Marine x2  
  95  7:02  Refinery  
  95  7:15  Marine  
  95  7:16  Marine  
  95  7:22  Medivac x2  
  100  7:24  Barracks  
  100  7:27  Siege Tank  
  90  7:30  Supply Depot  
  90  7:33  Marauder  
  88  7:38  Marine x2  
  90  7:54  Supply Depot  
  90  7:55  Marine, Marauder  
  90  7:56  Marine  
  94  7:59  Siege Tank  
  94  8:00  Medivac x2  
  101  8:13  Marine x2  
  101  8:16  Marauder  
  105  8:31  Marine  
  106  8:36  Barracks Reactor, Marine  
  106  8:38  Marauder  
  106  8:40  Siege Tank  
  109  8:49  Marine  
  109  8:54  Marine  
  100  8:58  Marine  
  100  9:16  Siege Tank  
  103  9:18  Marine x3  
  103  9:19  Marine  
  103  9:22  Marauder  
  107  9:33  Medivac x2  
  107  9:36  Reaper  
  112  9:48  Siege Tank  
  114  9:57  Marine x2  
  114  9:58  Marine  
  117  10:06  Supply Depot  
  117  10:08  Supply Depot  
  117  10:23  Marine  
  117  10:27  Marine x2, Marauder  
  122  10:30  Supply Depot  
  122  10:31  Supply Depot  
  122  10:33  Supply Depot  
  120  10:47  Liberator  
  120  10:49  Liberator, Marauder  
  122  10:59  Marine x3  
  122  11:00  Marine  
  122  11:02  Siege Tank  
  129  11:10  Marauder  
  137  11:17  Supply Depot  
  137  11:18  Supply Depot  
  137  11:21  Stimpack  
  133  11:32  Marauder  
  125  11:42  Marine x2  
  125  11:43  Marine x2  
  124  11:53  Marauder  
  126  11:58  Liberator x2  
  126  12:00  Marine x2  
  128  12:14  Marauder  
  133  12:16  Marine x2  
  133  12:18  Marine  
  133  12:20  Siege Tank  
  142  12:28  Marine  
  142  12:34  Marine  
  142  12:36  Marauder  
  145  12:39  Marine  
  145  12:40  Marine  
  145  12:41  Liberator x2  
  131  12:52  Siege Tank  
  131  12:57  Marauder  
  139  13:05  Marine  
  139  13:06  Marine x3  
  143  13:19  Marauder  
  145  13:23  Marine x2  
  145  13:24  Siege Tank  
  150  13:40  Marauder  
Show
View Real Time Build Order
Export as new Build Order

Gracz Protoss 

Build Orders: Blink Stalkers 

Get SALT Encoding   

  12  0:01  Probe (Chrono Boost)  
  13  0:19  Pylon  
  13  0:23  Probe (Chrono Boost)  
  14  0:33  Probe (Chrono Boost)  
  15  0:48  Assimilator  
  15  0:50  Gateway  
  15  0:51  Probe (Chrono Boost)  
  15  0:52  Assimilator  
  16  1:01  Probe (Chrono Boost)  
  17  1:12  Probe (Chrono Boost)  
  18  1:22  Pylon, Probe (Chrono Boost)  
  19  1:26  Pylon  
  19  1:33  Probe (Chrono Boost)  
  20  1:43  Probe (Chrono Boost)  
  22  1:54  Probe (Chrono Boost), Cybernetics Core  
  22  2:15  Unknown, Nexus  
  22  2:23  Probe (Chrono Boost)  
  22  2:25  Warp Gate  
  23  2:35  Probe (Chrono Boost)  
  24  2:42  Twilight Council  
  24  2:49  Gateway  
  24  2:52  Stalker  
  27  3:00  Probe (Chrono Boost)  
  25  3:27  Unknown  
  25  3:34  Blink  
  25  3:44  Probe (Chrono Boost)  
  25  3:45  Probe (Chrono Boost)  
  29  3:56  Probe (Chrono Boost)  
  29  3:57  Probe (Chrono Boost)  
  29  4:00  Gateway  
  29  4:07  Gateway  
  29  4:08  Probe (Chrono Boost)  
  29  4:09  Probe (Chrono Boost)  
  31  4:21  Probe x2 (Chrono Boost)  
  35  4:33  Robotics Facility, Probe (Chrono Boost)  
  35  4:34  Mothership Core (Chrono Boost)  
  36  4:42  Robotics Facility  
  37  4:45  Probe (Chrono Boost)  
  37  4:50  Gateway  
  38  4:54  Probe (Chrono Boost)  
  38  4:57  Probe (Chrono Boost)  
  39  5:05  Stalker x2  
  39  5:06  Probe (Chrono Boost)  
  44  5:08  Sentry  
  44  5:09  Probe (Chrono Boost)  
  44  5:11  Sentry  
  49  5:18  Probe (Chrono Boost)  
  51  5:22  Probe (Chrono Boost)  
  51  5:30  Stalker, Probe (Chrono Boost)  
  54  5:38  Pylon  
  54  5:40  Unknown, Pylon, Nexus  
  54  5:44  Pylon  
  54  5:47  Pylon  
  54  5:57  Pylon  
  54  6:00  Pylon  
  58  6:04  Pylon, Immortal  
  58  6:08  Pylon  
  58  6:12  Robotics Facility  
  58  6:18  Robotics Bay  
  58  6:25  Probe x2 (Chrono Boost)  
  60  6:29  Assimilator  
  60  6:31  Assimilator  
  60  6:33  Sentry x2  
  60  6:35  Stalker  
  60  6:37  Probe (Chrono Boost)  
  60  6:38  Stalker  
  69  6:49  Probe x2 (Chrono Boost)  
  69  6:51  Unknown  
  71  7:00  Stalker x3  
  71  7:01  Probe x2 (Chrono Boost)  
  79  7:07  Probe (Chrono Boost), Immortal  
  80  7:13  Probe x2 (Chrono Boost)  
  86  7:21  Forge  
  58  7:39  Stalker x2  
  58  7:40  Stalker x3  
  68  7:46  Disruptor  
  71  7:59  Gateway  
  71  8:01  Gateway x2  
  71  8:06  Stalker x2  
  71  8:07  Stalker  
  71  8:08  Stalker  
  79  8:19  Stalker  
  79  8:32  Stalker x3, Immortal  
  79  8:33  Stalker  
  58  8:58  Stalker x2  
  58  8:59  Stalker x2  
  66  9:09  Stalker  
  56  9:15  Mothership Core (Chrono Boost)  
  54  9:22  Stalker x2  
  54  9:23  Zealot  
  58  9:24  Zealot x4  
  62  9:34  Zealot  
  52  9:54  Stalker x5  
  52  9:55  Stalker x2  
  66  10:06  Stalker  
  68  10:11  Mothership Core (Chrono Boost)  
  70  10:17  Stalker x2  
  64  10:40  Stalker x2  
  64  10:41  Stalker  
  64  10:42  Stalker x3  
  76  10:55  Stalker x2  
  80  11:00  Disruptor  
  80  11:11  Stalker  
  85  11:14  Zealot x3  
  85  11:18  Probe (Chrono Boost)  
  46  11:48  Colossus  
  46  11:49  Colossus  
  46  11:50  Zealot x3  
  46  11:51  Zealot  
  64  12:12  Probe (Chrono Boost)  
  64  12:14  Probe (Chrono Boost)  
  60  12:25  Zealot x2  
  29  13:08  Cybernetics Core  
  29  13:14  Immortal  
  29  13:15  Immortal  
  17  13:44  Stalker x3  
Tags
 
Add a new tag
Caveats
  • Supply blocks, unpowered buildings, or Contaminate may cause inaccurate times.
  • Supply counts are checked every 10 seconds.